 Dungeon Crawl Stone Soup version 0.29-a0-495-g17b79114eb (webtiles) character file.

Game seed: 1411644299824303510

18 ptdevnull the Grave Robber (level 2, -1/22 HPs)
             Began as a Deep Dwarf Necromancer on May 27, 2022.
             Slain by a hobgoblin (3 damage)
             ... on level 1 of the Dungeon.
             The game lasted 00:01:33 (149 turns).

ptdevnull the Grave Robber (Deep Dwarf Necromancer)  Turns: 149, Time: 00:01:34

Health: -1/22      AC:  2    Str: 11    XL:     2   Next: 51%
Magic:  1/5        EV: 12    Int: 15    God:
Gold:   0          SH:  0    Dex: 13    Spells: 4/5 levels left

rFire   . . .      SeeInvis .   d - +0 quarterstaff
rCold   . . .      Faith    .   (shield currently unavailable)
rNeg    . . .      Spirit   .   a - +0 robe
rPois   .          Reflect  .   (no helmet)
rElec   .          Harm     .   (no cloak)
rCorr   .          Rampage  .   (no gloves)
Will    .....                   (no boots)
Stlth   ++........              (no amulet)
HPRegen 0.00/turn               (no ring)
MPRegen 0.09/turn               (no ring)

@: no status effects
A: damage resistance, heal wounds, sense surroundings 1, no regeneration
a: Heal Wounds


You were on level 1 of the Dungeon.
You visited 1 branch of the dungeon, and saw 1 of its levels.

Inventory:

Hand Weapons
 d - a +0 quarterstaff (weapon)
Armour
 a - a +0 robe (worn)
Potions
 b - a potion of magic
 c - 2 potions of heal wounds {unknown}


   Skills:
 - Level 2.1 Dodging
 - Level 2.4 Stealth
 + Level 2.1 Spellcasting
 * Level 5.0 Necromancy


You had 4 spell levels left.
You knew the following spells:

 Your Spells              Type           Power      Damage    Failure   Level
a - Necrotize             Necr           64%        1d7       2%          1

Your spell library contained the following spells:

 Spells                   Type           Power      Damage    Failure   Level
 Vampiric Draining        Necr           16%        2d7       9%          3
 Animate Dead             Necr           16%        N/A       28%         4
 Agony                    Necr           16%        N/A       61%         5


Dungeon Overview and Level Annotations

Branches:
Dungeon (1/15)

Altars:


Innate Abilities, Weirdness & Mutations

You are resistant to damage.
You can heal yourself by infusing magical energy.
You passively map a small area around you.
You do not regenerate.


Message History

Aim: a ball python (asleep, ally target, chance to affect: 86%)
The ball python hisses angrily.
The ball python writhes in agony.
The hobgoblin shouts!
Casting: Necrotize (safe; 3% risk of failure)
Confirm with . or Enter, or press ? or * to list all spells.
Aiming: Necrotize (safe; 3% risk of failure)
Press: ? - help, Shift-Dir - straight line, f/p - ball python
Aim: a ball python (moderately wounded, ally target, chance to affect: 86%)
The ball python barely resists.
A hobgoblin comes into view.
Casting: Necrotize (safe; 3% risk of failure)
Confirm with . or Enter, or press ? or * to list all spells.
Aiming: Necrotize (safe; 3% risk of failure)
Press: ? - help, Shift-Dir - straight line, f/p - ball python
Aim: a ball python (moderately wounded, ally target, chance to affect: 86%)
The ball python barely resists.
Your frilled lizard skeleton barely misses the ball python.
You sock the ball python!
You kill the ball python!
Your frilled lizard skeleton bites the hobgoblin but does no damage.
The hobgoblin barely misses your frilled lizard skeleton.
You barely miss the hobgoblin.
Your hobgoblin skeleton hits the hobgoblin.
The hobgoblin hits you but does no damage.
You hit the hobgoblin.
You kill the hobgoblin!
The hobgoblin hits your frilled lizard skeleton.
Your frilled lizard skeleton bites the hobgoblin.
Your Necromancy skill increases to level 5!
The hobgoblin hits your frilled lizard skeleton.
Your frilled lizard skeleton is destroyed!
Your hobgoblin skeleton completely misses the hobgoblin.
The hobgoblin hits you.
* * * LOW HITPOINT WARNING * * *
Your hobgoblin skeleton hits the hobgoblin.
You hit the hobgoblin.
The hobgoblin is severely wounded.
The hobgoblin hits you.
You die...

.≈≈≈........#..##............#
≈≈≈≈........##....#...).....##
≈≈≈♣♣♣♣♣♣########.#....#...##
≈≈♣* #.#...###### ≈♣♣ *
#..#.## * #. #.....###
##..####.#.....## *
................#
.......@........#
......gZ......#.#
..............#..# ,
....##..[###### .# ... #####
** .. #


You could see a hobgoblin (ally target) and a friendly hobgoblin skeleton.

Vanquished Creatures
  2 ball pythons (D:1)
  A bat (D:1)
  2 hobgoblins (D:1)
  3 jackals (D:1)
  2 kobolds (D:1)
  A quokka (D:1)
  3 frilled lizards (D:1)
  A goblin (D:1)
  2 rats (D:1)
17 creatures vanquished.

Notes
Turn   | Place    | Note
-------+----------+-------------------------------------------
     0 | D:1      | ptdevnull the Deep Dwarf Necromancer began the quest for
                  | the Orb.
     0 | D:1      | Reached XP level 1. HP: 15/15 MP: 3/3
   101 | D:1      | Reached XP level 2. HP: 10/22 MP: 5/5
   147 | D:1      | Reached skill level 5 in Necromancy
   149 | D:1      | Slain by a hobgoblin

Illustrated notes

Levels and vault maps discovered:
D:1:      lemuel_arrival_river_ford, layout_rooms

Skill      XL: |  1  2 |
---------------+-------+-----
Spellcasting   | 2 |  2.1
Necromancy     | 5 |  5.0
Dodging        | |  2.1
Stealth        | |  2.4

Action                   || total
-------------------------++-------
Melee: Quarterstaff      ||    42
       Unarmed           ||     2
 Cast: Necrotize         ||    10
Armor: Robe              ||    23
Dodge: Dodged            ||    44

Table legend: (Time is in decaauts)
 A = Elapsed time spent in this place.
 B = Non-inter-level travel time spent in this place.
 C = Inter-level travel time spent in this place.
 D = Time resting spent in this place.
 E = Time spent auto-exploring this place.
 F = Levels seen in this place.
 G = Mean time per level.
                   A        B        C        D        E       F      G
               +--------+--------+--------+--------+--------+-----+--------+
         Total |    162 |    162 |      0 |     34 |     21 |   1 |  162.0 |
       Dungeon |    162 |    162 |      0 |     34 |     21 |   1 |  162.0 |
               +--------+--------+--------+--------+--------+-----+--------+

Top non-repeatable levels by time:
     D:1: 162 daAuts
